 Dungeon Crawl Stone Soup version 0.30-a0-359-gd0147acb1a (webtiles) character file.

Game seed: 6651780507239755981

459 oldmanjim the Changer (level 7, -2/54 HPs)
             Began as an Octopode Transmuter on Nov 12, 2022.
             Constricted to death by Edmund (6 damage)
             ... on level 4 of the Dungeon.
             The game lasted 00:21:05 (4565 turns).

oldmanjim the Changer (Octopode Transmuter)         Turns: 4565, Time: 00:21:06

Health: -2/54      AC:  6    Str:  9    XL:     7   Next: 6%
Magic:  20/22      EV:  7    Int: 17    God:
Gold:   150        SH:  0    Dex: 13    Spells: 4/14 levels left

rFire   x . .      SeeInvis .      - Unarmed
rCold   + + +      Faith    .    (shield currently unavailable)
rNeg    . . .      Spirit   .    (helmet currently unavailable)
rPois   +          Reflect  .    (no amulet)
rElec   .          Harm     .    n - ring of magical power
rCorr   .          Rampage  .    s - ring of wizardry
Will    .....                    (no ring)
Stlth   +.........               (no ring)
HPRegen 0.29/turn                (no ring)
MPRegen 0.18/turn                (no ring)
                                 (no ring)
                                 (no ring)

@: ice-form, grasped by roots, constricted
A: freezing attack, boosted hp, almost no armour, amphibious, 8 rings, large,
(camouflage 1), (gelatinous body 1), (nimble swimmer 1), (tentacles)
a: End Transformation


You were on level 4 of the Dungeon.
You were a creature of crystalline ice.
You visited 1 branch of the dungeon, and saw 4 of its levels.

You collected 150 gold pieces.

Inventory:

Hand Weapons
 b - a +0 sling
Missiles
 i - 9 stones
 o - 6 poisoned darts (quivered)
Jewellery
 n - a ring of magical power (left front paw)
 s - a ring of wizardry (right front paw)
Wands
 t - a wand of flame (16)
Scrolls
 c - 2 scrolls of brand weapon {unknown}
 f - 2 scrolls of blinking {unknown}
 h - a scroll of fear {unknown}
 j - 2 scrolls of poison {unknown}
 k - 3 scrolls of identify {unknown}
 m - a scroll of enchant weapon {unknown}
 q - a scroll of teleportation {unknown}
 r - 3 scrolls of magic mapping {unknown}
Potions
 a - a potion of lignification
 d - a potion of invisibility {unknown}
 e - 3 potions of curing
 g - a potion of degeneration {unknown}
 l - a potion of brilliance {unknown}
 p - a potion of cancellation {unknown}


   Skills:
 + Level 2.4 Fighting
 - Level 2.0 Dodging
 - Level 3.0 Unarmed Combat
 - Level 4.0 Spellcasting
 + Level 4.7 Transmutations
 + Level 1.3 Ice Magic
 - Level 3.0 Poison Magic


You had 4 spell levels left.
You knew the following spells:

 Your Spells              Type           Power      Damage    Failure   Level
a - Beastly Appendage     Tmut           38%        N/A       1%          1
b - Wereblood             Tmut           19%        N/A       1%          2
c - Spider Form           Tmut/Pois      16%        N/A       4%          3
d - Ice Form              Ice/Tmut       13%        N/A       17%         4

Your spell library contained the following spells:

 Spells                   Type           Power      Damage    Failure   Level
 Gell's Gravitas          Tloc           3%         N/A       19%         3
 Lesser Beckoning         Tloc           6%         N/A       19%         3
 Summon Guardian Golem    Hex/Summ       3%         N/A       19%         3
 Teleport Other           Tloc           3%         N/A       19%         3
 Orb of Destruction       Conj           1%         9d5       100%        7
 Spellforged Servitor     Conj/Summ      1%         N/A       100%        7


Dungeon Overview and Level Annotations

Branches:
Dungeon (4/15)
 Temple: D:4-7

Altars:
Kikubaaqudgha

Annotations:
D:4 Edmund


Innate Abilities, Weirdness & Mutations

You are a creature of crystalline ice.
You have a powerful freezing melee attack.
Your maximum health is increased.
Your armour is entirely melded.
You are incapable of wielding weapons or throwing items.
You cannot wear most types of armour.
You are amphibious.
You can wear up to eight rings at the same time.
((Your skin changes colour to match your surroundings (Stealth+).))
((Your rubbery body absorbs attacks. (AC +1, EV +1)))
((You are camouflaged when in or above water. (Stealth+)))
((You have tentacles for arms and can constrict up to eight enemies at once.))


Message History

The grasping roots constrict you.
You hit Edmund. You freeze Edmund.
Edmund is heavily wounded.
Edmund completely misses you. The grasping roots constrict you.
You barely miss Edmund.
Edmund is heavily wounded.
The endoplasm hits you but does no damage.
Edmund hits you with a +3 flail of protection!
* * * LOW HITPOINT WARNING * * *
The grasping roots constrict you!
* * * LOW HITPOINT WARNING * * *
The grasping roots release their grip on you.
You hit Edmund but do no damage.
Edmund is heavily wounded.
Edmund hits you with a +3 flail of protection.
* * * LOW HITPOINT WARNING * * *
The endoplasm hits you but does no damage.
Unknown command.
It was a potion of curing.
You feel better.
Edmund says, "I might not be good at magic, but I can still kill you!"
Edmund zaps a wand.
The roots erupt in riotous growth!
The grasping roots grab you!
Edmund is unaffected.
The endoplasm is unaffected.
The grasping roots constrict you.
* * * LOW HITPOINT WARNING * * *
The endoplasm barely misses you.
You feel better. Edmund barely misses you. The grasping roots constrict you!
* * * LOW HITPOINT WARNING * * *
The endoplasm hits you but does no damage.
You hit Edmund but do no damage.
Edmund is heavily wounded.
Edmund hits you with a +3 flail of protection.
* * * LOW HITPOINT WARNING * * *
The grasping roots constrict you.
* * * LOW HITPOINT WARNING * * *
The endoplasm barely misses you.
You hit Edmund. You freeze Edmund.
Edmund is heavily wounded.
Edmund hits you but does no damage. The grasping roots constrict you.
You die...

#......# #....#.
#......# #....##
#......# #....#.
#......# # #....'.
#......#.# #....#.
#......#.#######....#.
###........#..........#.
........J.)#..........#.
.......Y...#..........#.
.....<.@...#).........#.
.........(.#.......)..#.
...........#..........#.
###........#..........#.
#........#..........#.
#........#..........#.
#........#....<.....#.
#..........#.


You could see Edmund and an endoplasm.

Vanquished Creatures
  A scorpion (D:4)
  2 jellies (D:4)
  A hound (D:4)
  An orc priest (D:3)
  Ijyb (D:4)
  Terence (D:2)
  Natasha (thrice) (D:2)
  An orc wizard (D:3)
  2 adders (D:2)
  4 worms
  4 dart slugs
  8 orcs
  A bat zombie (D:3)
  8 endoplasms
  3 giant cockroaches
  8 goblins
  7 hobgoblins
  5 jackals
  3 kobolds
  3 quokkas
  8 ball pythons
  5 bats
  3 frilled lizards (D:2)
  4 rats
  2 rat zombies (D:3)
89 creatures vanquished.

Notes
Turn   | Place    | Note
-------+----------+-------------------------------------------
     0 | D:1      | oldmanjim the Octopode Transmuter began the quest for the
                  | Orb.
     0 | D:1      | Reached XP level 1. HP: 13/13 MP: 3/3
    94 | D:1      | Reached XP level 2. HP: 15/18 MP: 3/5
   510 | D:1      | Learned a level 2 spell: Wereblood
   733 | D:1      | Reached XP level 3. HP: 21/23 MP: 4/6
   803 | D:1      | Learned a level 3 spell: Spider Form
  1230 | D:2      | Noticed Natasha
  1248 | D:2      | Killed Natasha
  1249 | D:2      | Reached skill level 1 in Poison Magic
  1249 | D:2      | Reached XP level 4. HP: 17/28 MP: 5/8
  1555 | D:2      | Noticed Terence
  1582 | D:2      | Killed Terence
  1800 | D:2      | Reached XP level 5. HP: 30/33 MP: 7/9
  1994 | D:2      | Noticed Natasha
  2006 | D:2      | Killed Natasha
  2046 | D:2      | Noticed Natasha
  2055 | D:2      | Killed Natasha
  3019 | D:3      | Reached XP level 6. HP: 31/38 MP: 8/11
  3176 | D:3      | Found an ancient bone altar of Kikubaaqudgha.
  4027 | D:4      | Learned a level 4 spell: Ice Form
  4204 | D:4      | Noticed Ijyb
  4223 | D:4      | Killed Ijyb
  4224 | D:4      | Reached skill level 1 in Ice Magic
  4448 | D:4      | Reached XP level 7. HP: 35/45 MP: 13/13
  4551 | D:4      | Noticed Edmund
  4561 | D:4      | HP: 2/54 [Edmund/+3 flail of protection (6)]
  4565 | D:4      | Constricted to death by Edmund

Illustrated notes

Levels and vault maps discovered:
D:1:      mainiacjoe_arrival_reflecting_pool, layout_basic
D:2:      layout_basic, uniq_terence, uniq_natasha
D:3:      layout_basic, lemuel_zombie_altar_kikubaaqudgha
D:4:      minmay_wonky_spiral, layout_gridville, grunt_ministairs_12,
          hangedman_decor_lopped, uniq_ijyb, uniq_edmund

Skill      XL: |  1  2  3  4  5  6 |
---------------+-------------------+-----
Spellcasting   | 3 4 |  4.0
Transmutations | 3 4 |  4.7
Poison Magic   | 1 2 3 |  3.0
Fighting       | 2 |  2.4
Ice Magic      | 1 |  1.3
Dodging        | |  2.0
Unarmed Combat | |  3.0

Action                   |  1- 3 |  4- 6 |  7- 9 || total
-------------------------+-------+-------+-------++-------
Melee: Unarmed           |    62 |   164 |    10 ||   236
       Kick              |    20 |    13 |       ||    33
       Constrict         |    17 |    11 |       ||    28
       Tentacles         |     8 |     8 |       ||    16
       Punch             |     1 |       |       ||     1
Throw: Stone             |     3 |       |       ||     3
 Cast: Beastly Appendage |    22 |    12 |       ||    34
       Spider Form       |     1 |    26 |     1 ||    28
       Wereblood         |       |     2 |       ||     2
       Ice Form          |       |       |     1 ||     1
  Use: Potion            |       |       |     2 ||     2
 Stab: Sleeping          |     3 |     2 |       ||     5
Armor: Skin              |     5 |    10 |     4 ||    19
Dodge: Dodged            |    31 |   105 |     5 ||   141

Table legend: (Time is in decaauts)
 A = Elapsed time spent in this place.
 B = Non-inter-level travel time spent in this place.
 C = Inter-level travel time spent in this place.
 D = Time resting spent in this place.
 E = Time spent auto-exploring this place.
 F = Levels seen in this place.
 G = Mean time per level.
                   A        B        C        D        E       F      G
               +--------+--------+--------+--------+--------+-----+--------+
         Total |   4561 |   4406 |    155 |    143 |   3381 |   4 | 1140.2 |
       Dungeon |   4561 |   4406 |    155 |    143 |   3381 |   4 | 1140.2 |
               +--------+--------+--------+--------+--------+-----+--------+

Top non-repeatable levels by time:
     D:2: 1482 daAuts
     D:1: 1234 daAuts
     D:3: 996 daAuts
     D:4: 847 daAuts
